 Dungeon Crawl Stone Soup version 0.31-a0-740-g87205ac768 (webtiles) character file.

Game seed: 15620381059527128757

657 LeprechaunX the Changeling (level 7, -1/46 HPs)
             Began as an Octopode Shapeshifter on Sept 12, 2023.
             Slain by an ogre
             ... wielding a +0 giant club
              (22 damage)
             ... on level 5 of the Dungeon.
             The game lasted 00:05:32 (4527 turns).

LeprechaunX the Changeling (Octopode Shapeshifter)  Turns: 4527, Time: 00:05:32

Health: -1/46      AC:  1    Str: 15    XL:     7   Next: 55%
Magic:  7/7        EV: 14    Int: 13    God:
Gold:   227        SH:  0    Dex: 11    Spells: 6/6 levels left

rFire   . .          .
                       - Unarmed
rCold   . . .        (no shield)
rNeg    . . .        (helmet currently unavailable)
rPois   .            (no amulet)
rElec   .            n - ring of resist corrosion
rCorr   +            (no ring)
SInv    .            (no ring)
Will    .....        (no ring)
Stlth   ++           (no ring)
HPRegen 0.27/turn    (no ring)
MPRegen 0.10/turn    (no ring)
                     (no ring)

%: no passive effects
@: beast-form
A: beast (slay +3), almost no armour, amphibious, 8 rings, camouflage 1,
gelatinous body 1, (nimble swimmer 1), tentacles
a: Begin Untransformation


You were on level 5 of the Dungeon.
You were a hulking beast.
You visited 1 branch of the dungeon, and saw 5 of its levels.

You collected 227 gold pieces.

Inventory:

Hand Weapons
 a - a +1 sling of flaming
Missiles
 o - 5 boomerangs
 r - 4 atropa-tipped darts (quivered)
Jewellery
 n - a ring of resist corrosion (left tentacle)
 w - a ring of ice
 B - a ring of magical power
Talismans
 b - a beast talisman (active)
 c - a flux talisman
Wands
 C - a wand of flame (14)
Scrolls
 d - 2 scrolls of immolation {unknown}
 g - a scroll of blinking {unknown}
 h - 7 scrolls of identify {unknown}
 k - a scroll of fog {unknown}
 l - a scroll of brand weapon {unknown}
 p - 2 scrolls of vulnerability {unknown}
 q - a scroll of noise {unknown}
 s - a scroll of amnesia {unknown}
 u - 3 scrolls of acquirement {unknown}
 x - a scroll of enchant armour {unknown}
 y - 2 scrolls of teleportation {unknown}
 E - a scroll of torment {unknown}
 F - a scroll of enchant weapon {unknown}
Potions
 e - 2 potions of curing {unknown}
 f - a potion of attraction {unknown}
 i - a potion of haste {unknown}
 j - 3 potions of might {unknown}
 m - 2 potions of degeneration {unknown}
 t - a potion of cancellation {unknown}
 v - a potion of mutation {unknown}
 z - 2 potions of lignification
 A - a potion of ambrosia {unknown}
 D - a potion of invisibility {unknown}


   Skills:
 + Level 3.5 Fighting
 + Level 0.1 Ranged Weapons
 + Level 4.0 Dodging
 + Level 4.6 Unarmed Combat
 * Level 5.4 Shapeshifting


You had 6 spell levels left.
You didn't know any spells.
Your spell library contained the following spells:

 Spells                   Type           Power      Damage    Failure   Level
 Sandblast                Erth           0%         2d4       30%         1
 Passwall                 Tmut/Erth      0%         N/A       43%         2
 Wereblood                Tmut           0%         N/A       43%         2
 Call Canine Familiar     Summ           0%         N/A       67%         3
 Sigil of Binding         Hex            0%         N/A       67%         3
 Stone Arrow              Conj/Erth      0%         3d7       67%         3
 Dimensional Bullseye     Hex/Tloc       0%         N/A       97%         4
 Leda's Liquefaction      Hex/Erth       0%         N/A       97%         4
 Manifold Assault         Tloc           0%         N/A       97%         4
 Irradiate                Conj/Tmut      0%         3d11      100%        5
 Dispersal                Tloc           0%         N/A       100%        6
 Disjunction              Tloc           0%         N/A       100%        8


Dungeon Overview and Level Annotations

Branches:
Dungeon (5/15)
 Temple: D:4-7

Altars:


Innate Abilities, Weirdness & Mutations

You are a hulking beast.
Your limbs bulge with bestial killing power. (Slay +3)
You cannot wear most types of armour.
You are amphibious.
You can wear up to eight rings at the same time.
Your skin changes colour to match your surroundings (Stealth+).
Your rubbery body absorbs attacks. (AC +1, EV +1)
((You are camouflaged when in or above water. (Stealth+)))
You have tentacles for arms and can constrict up to eight enemies at once.


Message History

You constrict the orc. You tentacle-slap the orc.
The orc is severely wounded.
You constrict the orc. The orc closely misses you.
You bludgeon the orc!
You kill the orc!
Items here: ))) [[[ †††.
Found a stone staircase leading down.
Found 5 stones.
Found an escape hatch in the ceiling.
Found a stone staircase leading up.
m - 2 ruby potions (gained 1)
F - a scroll labelled KYTI VIZEHI An ogre comes into view.
It is wielding a +0 giant club.
Your +1 sling of flaming bursts into flame!
a - a +1 sling of flaming (weapon)
The ogre shouts!
You shoot a sling bullet.
The sling bullet hits the ogre but does no damage.
You shoot a sling bullet. The sling bullet hits the ogre.
The sling bullet burns the ogre.
The ogre is moderately wounded.
You shoot a sling bullet. The sling bullet hits the ogre.
The sling bullet burns the ogre.
The ogre is heavily wounded.
Your +1 sling of flaming stops flaming.
You are now empty-tentacled.
You completely miss the ogre.
The ogre is heavily wounded.
The ogre barely misses you.
You barely miss the ogre. You squeeze the ogre.
The ogre is heavily wounded.
The ogre hits you with a +0 giant club!!
Ouch! That really hurt!
You are too injured to fight recklessly!
You are too injured to fight recklessly!
You barely miss the ogre.
The ogre is heavily wounded.
You bludgeon the ogre! You squeeze the ogre.
The ogre is almost dead.
The ogre hits you with a +0 giant club!!
You die...

..##.########.#
#.#...........#
#.#.#########.#
#...........#.#
###.##......#.# .
#.##......#.# ...
#####.##.....<#.##
.....##.................
#..Oh###.##......#.##
#....#### #.##......#.#.
..## #.##......#.#.
..#######.#... ###
#.###. ..#... #...#.
....<.. ####.##


You could see an ogre.

Vanquished Creatures
  A phantom (D:2)
  2 scorpions (D:4)
  2 hounds
  3 orc wizards
  Natasha (thrice) (D:4)
  Robin (D:3)
  4 gnolls (D:3)
  5 adders
  A shadow imp (D:5)
  A white imp (D:4)
  2 ufetubi
  A worm (D:2)
  4 dart slugs
  4 orcs
  4 ball pythons
  7 endoplasms
  3 giant cockroaches
  26 goblins
  7 hobgoblins
  14 jackals
  7 kobolds
  2 quokkas
  7 bats
  6 frilled lizards
  8 rats
125 creatures vanquished.

Notes
Turn   | Place    | Note
-------+----------+-------------------------------------------
     0 | D:1      | LeprechaunX the Octopode Shapeshifter began the quest for
                  | the Orb.
     0 | D:1      | Reached XP level 1. HP: 13/13 MP: 1/1
    96 | D:1      | Reached XP level 2. HP: 9/18 MP: 2/2
   869 | D:2      | Reached XP level 3. HP: 9/23 MP: 3/3
  1159 | D:2      | Reached XP level 4. HP: 21/29 MP: 4/4
  1407 | D:2      | Noticed a phantom
  1437 | D:2      | Killed a phantom
  1438 | D:2      | Reached skill level 4 in Shapeshifting
  1438 | D:2      | Reached XP level 5. HP: 8/35 MP: 5/5
  1806 | D:3      | Reached XP level 6. HP: 15/41 MP: 6/6
  2490 | D:3      | Noticed Robin
  2516 | D:3      | Killed Robin
  3232 | D:4      | Reached skill level 5 in Shapeshifting
  3232 | D:4      | Reached XP level 7. HP: 19/46 MP: 7/7
  3556 | D:4      | Noticed Natasha
  3567 | D:4      | Killed Natasha
  3973 | D:4      | Noticed Natasha
  3978 | D:4      | Killed Natasha
  3986 | D:4      | Noticed Natasha
  3992 | D:4      | Killed Natasha
  4203 | D:5      | Entered Level 5 of the Dungeon
  4527 | D:5      | Slain by an ogre

Illustrated notes

Levels and vault maps discovered:
D:1:      lightli_arrival_chessboard, layout_loops_ring, serial_rivers,
          chequers_serial_rivers_micro_b, chequers_serial_rivers_small_3,
          chequers_serial_rivers_large_b, chequers_serial_rivers_small_3,
          chequers_serial_rivers_room_b, chequers_serial_rivers_small_a,
          minmay_quantized
D:2:      layout_basic, minmay_divided_ellipse
D:3:      kennysheep_goblin_castle, layout_loops_corners
D:4:      layout_loops_ring, grunt_ministairs_10, dreamdust_mushroom_princess,
          uniq_natasha
D:5:      layout_basic, hangedman_decor_riveting

Skill      XL: |  1  2  3  4  5  6  7 |
---------------+----------------------+-----
Fighting       | 2 3 |  3.5
Dodging        | 3 4 |  4.0
Shapeshifting  | 4 5 |  5.4
Unarmed Combat | 4 |  4.6
Ranged Weapons | |  0.1

Action                     |  1- 3 |  4- 6 |  7- 9 || total
---------------------------+-------+-------+-------++-------
  Melee: Unarmed           |    60 |   125 |    49 ||   234
         Constrict         |    15 |    28 |    15 ||    58
         Tentacles         |    10 |    20 |    12 ||    42
         Punch             |     2 |     3 |     6 ||    11
   Fire: Sling             |       |    24 |    15 ||    39
  Throw: Dart              |       |     3 |       ||     3
    Use: Potion            |       |     1 |       ||     1
   Stab: Sleeping          |     8 |     6 |     2 ||    16
 Armour: Skin              |    25 |    92 |    23 ||   140
  Dodge: Dodged            |    29 |    58 |    26 ||   113

Table legend: (Time is in decaauts)
 A = Elapsed time spent in this place.
 B = Non-inter-level travel time spent in this place.
 C = Inter-level travel time spent in this place.
 D = Time resting spent in this place.
 E = Time spent auto-exploring this place.
 F = Levels seen in this place.
 G = Mean time per level.
                   A        B        C        D        E       F      G
               +--------+--------+--------+--------+--------+-----+--------+
         Total |   4520 |   4366 |    154 |    536 |   3113 |   5 |  904.0 |
       Dungeon |   4520 |   4366 |    154 |    536 |   3113 |   5 |  904.0 |
               +--------+--------+--------+--------+--------+-----+--------+

Top non-repeatable levels by time:
     D:4: 1267 daAuts
     D:3: 1197 daAuts
     D:2: 872 daAuts
     D:1: 858 daAuts
     D:5: 324 daAuts
